AoeStats
← PomPom

Arabia

513544365Analyzed
1v1 RM · 3d ago on Oct 14, 2026· 76m 40s· 2 players
Game mode
Random Map
Map size
Tiny (2 player)
Population
200
Speed
Normal
Resources
Standard
Victory
Conquest
Starting age
Dark Age
Ending age
Imperial Age
RankedLock teamsTeams togetherTeam positionsShared explorationLock speedFull tech treeHidden civsTurbo modeCheats
Victory
Defeat
🇻🇳 Japanese · Vietnam
1784
+11
vs
🇦🇷 Tupi · Argentina
1679
-11
Jhoonas
6:54 Loom
10:04 Feudal Age
14:14 Castle Age
14:25 Scale Mail Armor
17:31 Town Watch
19:56 Squires
21:53 Arson
22:49 Wheelbarrow
23:03 Forging
24:29 Double-Bit Axe
24:24 Horse Collar
27:11 Gold Mining
27:35 Bow Saw
29:18 Fletching
30:16 Bodkin Arrow
30:37 Gold Mining
32:56 Ballistics
38:31 Gold Shaft Mining
42:43 Imperial Age
40:32 Hand Cart
42:30 Heavy Plow
42:27 Stone Mining
43:37 Bracer
44:40 Chemistry
43:24 Champi Runner
44:44 Chain Mail Armor
44:10 Champi Warrior
45:55 Elite Champi Warrior
49:00 Plate Mail Armor
50:51 Padded Archer Armor
53:33 Hoardings
PomPom
6:39 Loom
12:07 Feudal Age
12:12 Man-at-Arms
17:38 Arson
20:11 Castle Age
18:36 Scale Mail Armor
19:35 Forging
20:13 Long Swordsman
22:46 Squires
24:07 Double-Bit Axe
24:23 Horse Collar
25:52 Chain Mail Armor
30:26 Bow Saw
31:07 Fletching
33:03 Wheelbarrow
32:42 Fletching
33:26 Bodkin Arrow
34:07 Padded Archer Armor
35:53 Crossbowman
41:25 Ballistics
41:31 Elite Skirmisher
42:27 Leather Archer Armor
45:18 Imperial Age
43:09 Thumb Ring
44:30 Hand Cart
45:03 Stone Mining
45:03 Gold Mining
46:00 Bracer
47:20 Plate Mail Armor
47:21 Ring Archer Armor
50:14 Chemistry
51:10 Iron Casting
50:35 Arbalester
51:32 Masonry
50:44 Elite Samurai
51:32 Heavy Plow
54:49 Hoardings
56:41 Conscription
58:07 Blast Furnace
58:25 Gold Shaft Mining
58:52 Two-Man Saw
60:17 Capped Ram
63:38 Town Watch
70:10 Light Cavalry
71:02 Bloodlines
70:52 Husbandry
70:59 Scale Barding Armor
72:16 Chain Barding Armor
74:32 Siege Engineers
Connection lost

Rejoining the realm…

Still unreachable

The connection could not be restored.

Session expired

The server has moved on; the page needs a fresh start.